 Dungeon Crawl Stone Soup version 0.31-a0-971-g75a2e9a4b4 (webtiles) character file.

Game seed: 8340197941538843458

2601 Arcadio the Fighter (level 9, 0/82 HPs)
             Began as a Ghoul Monk on Oct 28, 2023.
             Was a Priest of Nemelex Xobeh.
             Slain by a gnoll sergeant
             ... wielding a +0 trident
              (10 damage)
             ... on level 8 of the Dungeon.
             The game lasted 00:12:48 (6627 turns).

Arcadio the Fighter (Ghoul Monk)                    Turns: 6627, Time: 00:12:50

Health: 0/82       AC: 15    Str: 19    XL:     9   Next: 59%
Magic:  8/8        EV:  9    Int:  5    God:    Nemelex Xobeh [***...]
Gold:   342        SH:  0    Dex: 11    Spells: 8/8 levels left

rFire   . .          .
                       - Unarmed
rCold   + . .        c - orb {light}
rNeg    + + +        y - +0 chain mail
rPois   ∞            (no helmet)
rElec   .            B - +0 cloak
rCorr   .            k - +0 pair of gloves
SInv    .            M - +0 pair of boots
Will    .....        m - amulet of magic regeneration Stlth
                     o - +4 ring of protection
HPRegen 0.00/turn    (no ring)
MPRegen 0.51/turn

%: no passive effects
@: inhibited regen, glowing, studying Air Magic
A: claws 1, cold resistance 1, negative energy resistance 3, inhibited
regeneration, torment resistance 2, devour on kill
a: Renounce Religion, Draw Escape, Draw Destruction, Draw Summoning, Triple Draw


You were on level 8 of the Dungeon.
You worshipped Nemelex Xobeh.
Nemelex Xobeh was most pleased with you.
You visited 2 branches of the dungeon, and saw 9 of its levels.

You collected 342 gold pieces.

Inventory:

Hand Weapons
 r - a +0 flail of protection
Armour
 a - a +0 robe
 c - an orb of light (worn)
 k - a +0 pair of gloves (worn)
 s - a +0 ring mail
 t - a +0 hat of stealth
 y - a +0 chain mail (worn)
 B - a +0 cloak (worn)
 F - a +0 helmet
 M - a +0 pair of boots (worn)
 O - the +5 leather armour of Uskayaw's Displeasure {rN+ SInv}
   (You found it on level 7 of the Dungeon)

   rN+:       It protects you from negative energy.
   SInv:      It lets you see invisible.
Jewellery
 m - an amulet of magic regeneration (around neck)
 o - a +4 ring of protection (left hand)
 I - a ring of fire
 J - a +6 ring of intelligence
Wands
 w - a wand of quicksilver (3)
 x - a wand of digging (4)
 A - a wand of flame (14)
Scrolls
 g - a scroll of revelation
 h - a scroll of silence {unknown}
 n - 2 scrolls of vulnerability {unknown}
 p - 2 scrolls of amnesia {unknown}
 q - a scroll of summoning {unknown}
 v - 3 scrolls of fog {unknown}
 z - 2 scrolls of enchant weapon {unknown}
 C - a scroll of noise {unknown}
 D - a scroll of fear {unknown}
 E - 2 scrolls of teleportation {unknown}
 K - a scroll of immolation {unknown}
 N - a scroll of torment {unknown}
Potions
 b - 2 potions of ambrosia
 d - 5 potions of curing
 e - 3 potions of lignification
 f - 2 potions of heal wounds
 i - a potion of enlightenment {unknown}
 j - 2 potions of magic
 l - 2 potions of degeneration {unknown}
 u - 3 potions of resistance
 G - a potion of berserk rage {unknown}
 H - a potion of might {unknown}
 L - a potion of attraction {unknown}


   Skills:
 + Level 8.8 Fighting
 + Level 7.2 Dodging
 + Level 8.7 Unarmed Combat


You had 8 spell levels left.
You didn't know any spells.
Your spell library contained the following spells:

 Spells                   Type           Power      Damage    Failure   Level
 Sandblast                Erth           0%         2d4       99%         1
 Passwall                 Tmut/Erth      0%         N/A       100%        2
 Stone Arrow              Conj/Erth      0%         3d7       100%        3
 Brom's Barrelling Bould  Conj/Erth      0%         2d3       100%        4
 Passage of Golubria      Tloc           0%         N/A       100%        4
 Silence                  Hex/Air        0%         N/A       100%        5
 Lehudib's Crystal Spear  Conj/Erth      0%         10d2      100%        8


Dungeon Overview and Level Annotations

Branches:
Dungeon (8/15) Zot: 26733  Temple (1/1) D:6 Zot: 5948
   Lair: D:8-11

Altars:
Ashenzari
Cheibriados
Dithmenos
Fedhas
Gozag
Hepliaklqana
Kikubaaqudgha
Makhleb
Nemelex Xobeh
Okawaru
Qazlal
Ru
Trog
Uskayaw
Vehumet
Wu Jian
Yredelemnul

Annotations:
D:3 Grinder


Innate Abilities, Weirdness & Mutations

You are immune to poison.
You have sharp fingernails.
Your flesh is cold resistant. (rC+)
You are immune to negative energy. (rN+++)
You do not regenerate when monsters are visible.
You are immune to unholy pain and torment.
You thrive by killing the living.


Message History

You draw a card...
You have drawn the Elixir.
You begin rapidly regenerating health and magic.
The gnoll hits you with a +0 battleaxe.
The gnoll sergeant hits you from afar with a +0 trident.
You hit the gnoll.
The gnoll is heavily wounded.
The gnoll hits you but does no damage.
The gnoll sergeant hits you from afar with a +0 trident.
You punch the gnoll!
You kill the gnoll!
You feel better.
The gnoll sergeant hits you but does no damage.
The gnoll sergeant hits you from afar with a +0 trident.
The gnoll closely misses you.
The gnoll sergeant hits you with a +0 trident!
You see here a +0 battleaxe.
You hit the gnoll sergeant but do no damage.
The gnoll sergeant is lightly wounded.
You completely miss the gnoll sergeant.
The gnoll sergeant is lightly wounded.
The gnoll sergeant hits you but does no damage.
The gnoll hits you but does no damage. The gnoll sergeant barely misses you.
You hit the gnoll sergeant.
The gnoll sergeant is moderately wounded.
The gnoll sergeant hits you but does no damage.
The gnoll hits you but does no damage. The gnoll sergeant closely misses you.
The gnoll sergeant blocks your attack.
The gnoll sergeant is moderately wounded.
The gnoll sergeant hits you but does no damage.
The gnoll barely misses you.
The gnoll sergeant hits you with a +0 trident.
* * * LOW HITPOINT WARNING * * *
The gnoll sergeant blocks your attack.
The gnoll sergeant is moderately wounded.
The gnoll sergeant hits you from afar with a +0 trident.
* * * LOW HITPOINT WARNING * * *
The gnoll hits you but does no damage.
The gnoll sergeant hits you with a +0 trident!
You die...
Your body disappears without additional glow.

..............##
.................
..............#
..............#
#.......gg......#
#.###.####.######
#.# #.## #..##
#.###..####g.####..
#.#.(....@ggg......
#.......####(....##
#.#..#### ######
#....# ##...#
##..## #...# ...
#.)P# .. #..## ##.#


You could see 2 gnoll sergeants and 2 gnolls.

Vanquished Creatures
  A steam dragon (D:7)
  Menkaure (D:5)
  A water moccasin (D:6)
  4 orc warriors
  An ogre (D:5)
  2 centaurs (D:6)
  3 phantoms
  Blork the orc (D:4)
  2 bullfrogs
  3 scorpions
  4 howler monkeys
  5 hounds
  2 orc priests (D:4)
  Crazy Yiuf (D:4)
  A sleepcap (D:5)
  Ijyb (D:4)
  Natasha (thrice) (D:4)
  6 iguanas
  2 orc wizards
  9 adders
  10 gnolls
  2 shadow imps (D:6)
  2 white imps
  6 ufetubi
  3 worms (D:2)
  A dart slug (D:5)
  18 orcs
  9 ball pythons
  9 bats
  5 endoplasms
  3 giant cockroaches
  6 goblins
  5 hobgoblins
  3 jackals (D:3)
  4 quokkas
  2 frilled lizards
  4 kobolds
  13 rats
158 creatures vanquished.

Notes
Turn   | Place    | Note
-------+----------+-------------------------------------------
     0 | D:1      | Arcadio the Ghoul Monk began the quest for the Orb.
     0 | D:1      | Reached XP level 1. HP: 19/19 MP: 0/0
   123 | D:1      | Reached XP level 2. HP: 24/26 MP: 1/1
   915 | D:2      | Reached XP level 3. HP: 30/33 MP: 2/2
  1124 | D:2      | Found an iron altar of Okawaru.
  1679 | D:2      | Reached XP level 4. HP: 40/40 MP: 3/3
  1958 | D:3      | Noticed Grinder
  2112 | D:3      | Paralysed by Grinder for 2 turns
  2292 | D:4      | Noticed Natasha
  2293 | D:4      | Noticed Ijyb
  2305 | D:4      | Killed Natasha
  2319 | D:4      | Killed Ijyb
  2320 | D:4      | Reached XP level 5. HP: 17/47 MP: 4/4
  2487 | D:4      | Found an iron altar of Okawaru.
  2487 | D:4      | Found a radiant altar of Vehumet.
  2488 | D:4      | Found a bloodstained altar of Trog.
  2532 | D:4      | Noticed a phantom
  2552 | D:4      | Killed a phantom
  2553 | D:4      | Reached skill level 5 in Fighting
  2553 | D:4      | Reached skill level 5 in Unarmed Combat
  2553 | D:4      | Reached XP level 6. HP: 40/56 MP: 5/5
  2646 | D:4      | Noticed Natasha
  2656 | D:4      | Killed Natasha
  2738 | D:4      | Found a hazy altar of Hepliaklqana.
  2738 | D:4      | Noticed Blork the orc
  2739 | D:4      | Found a shadowy altar of Dithmenos.
  2739 | D:4      | Noticed a shadow
  2754 | D:4      | Killed Blork the orc
  2798 | D:4      | Found a runed translucent door.
  2799 | D:4      | Noticed Crazy Yiuf
  2874 | D:4      | Noticed Natasha
  2878 | D:4      | Killed Natasha
  3001 | D:4      | Killed Crazy Yiuf
  3002 | D:4      | Reached XP level 7. HP: 56/61 MP: 6/6
  3058 | D:5      | Entered Level 5 of the Dungeon
  3294 | D:5      | Noticed Menkaure
  3444 | D:5      | Killed Menkaure
  3445 | D:5      | Reached skill level 5 in Dodging
  3606 | D:5      | Reached XP level 8. HP: 71/71 MP: 7/7
  4361 | D:6      | Found a staircase to the Ecumenical Temple.
  4379 | Temple   | Entered the Ecumenical Temple
  4406 | Temple   | Became a worshipper of Nemelex Xobeh the Trickster
  4406 | Temple   | Reached * piety under Nemelex Xobeh
  4406 | Temple   | Received a gift from Nemelex Xobeh
  4406 | Temple   | Reached ** piety under Nemelex Xobeh
  4749 | D:6      | Found an opulent altar of Gozag.
  4875 | D:6      | Reached XP level 9. HP: 81/81 MP: 8/8
  5503 | D:7      | Found a sacrificial altar of Ru.
  6166 | D:7      | Identified the +5 leather armour of Uskayaw's Displeasure
                  | {rN+ SInv}
  6352 | D:8      | Identified the of Lime
  6377 | D:8      | Received a gift from Nemelex Xobeh
  6450 | D:8      | Reached *** piety under Nemelex Xobeh
  6627 | D:8      | Slain by a gnoll sergeant

Illustrated notes

Levels and vault maps discovered:
D:1:      dpeg_arrival_ratfight, layout_basic, hangedman_glass_teeth
D:2:      kennysheep_six_static_rooms, layout_basic, basic_altar, nicolae_titane
D:3:      layout_rooms, uniq_grinder
D:4:      layout_basic, riverfiend_overflow_shadow_ancestor,
          chequers_temple_overflow_statue_of_worship, serial_bayou_pond_c,
          uniq_ijyb, uniq_blork_the_orc, uniq_crazy_yiuf_cottage, uniq_natasha
D:5:      layout_cave_pools, uniq_menkaure
D:6:      layout_basic, mainiacjoe_overflow_tiny_flanked,
          minmay_temple_entry_butterflies, minmay_manual_mess
D:7:      layout_rooms, mainiacjoe_overflow_concentric_impassable
D:8:      corexii_shantytown, layout_basic, led_sif_book,
          nicolae_take_the_stairs, glass_columns_a, minmay_misc_feat_nine_boxes
Temple:   hc_temple_tempest_star

Skill      XL: |  1  2  3  4  5  6  7  8  9 |
---------------+----------------------------+-----
Dodging        | 3 4 5 6 7 |  7.2
Fighting       | 4 5 6 7 8 |  8.8
Unarmed Combat | 4 5 6 7 8 |  8.7

Action                     |  1- 3 |  4- 6 |  7- 9 || total
---------------------------+-------+-------+-------++-------
  Melee: Unarmed           |   102 |   143 |   371 ||   616
 Invoke: Draw Escape       |       |       |     1 ||     1
    Use: Scroll            |       |     3 |     3 ||     6
 Armour: Robe              |    33 |       |       ||    33
         Ring mail         |    17 |    78 |       ||    95
         Chain mail        |       |    12 |   392 ||   404
  Dodge: Dodged            |    50 |    72 |   205 ||   327

Table legend: (Time is in decaauts)
 A = Elapsed time spent in this place.
 B = Non-inter-level travel time spent in this place.
 C = Inter-level travel time spent in this place.
 D = Time resting spent in this place.
 E = Time spent auto-exploring this place.
 F = Levels seen in this place.
 G = Mean time per level.
                   A        B        C        D        E       F      G
               +--------+--------+--------+--------+--------+-----+--------+
         Total |   6579 |   6367 |    212 |    668 |   4178 |   9 |  731.0 |
       Dungeon |   6528 |   6319 |    209 |    668 |   4178 |   8 |  816.0 |
        Temple |     51 |     48 |      3 |      0 |      0 |   1 |   51.0 |
               +--------+--------+--------+--------+--------+-----+--------+

Top non-repeatable levels by time:
     D:2: 1262 daAuts
     D:6: 1123 daAuts
     D:4: 1098 daAuts
     D:5: 903 daAuts
     D:1: 871 daAuts
     D:7: 856 daAuts
     D:8: 266 daAuts
     D:3: 146 daAuts
  Temple: 51 daAuts
